 Dungeon Crawl Stone Soup version 0.31-a0-983-g7b6862f502 (webtiles) character file.

Game seed: 4317092489531541810

83 lunkers the Insei (level 4, -4/25 (28) HPs)
             Began as an Octopode Shapeshifter on Nov 2, 2023.
             Was a Follower of Okawaru.
             Slain by a goblin
             ... wielding a +0 club
             ... led by Robin
              (5 damage)
             ... on level 3 of the Dungeon.
             The game lasted 00:01:57 (1833 turns).

lunkers the Insei (Octopode Shapeshifter)           Turns: 1833, Time: 00:01:57

HP:   -4/25 (28)    AC:  1    Str: 13    XL:     4   Next: 44%
MP:   5/5           EV: 13    Int: 12    God:    Okawaru [*.....]
Gold: 64            SH:  0    Dex: 13    Spells: 3/3 levels left

rFire   . .          .
                       - Unarmed
rCold   . . .        (no shield)
rNeg    . . .        (helmet currently unavailable)
rPois   .            (no amulet)
rElec   .            (no ring)
rCorr   .            (no ring)
SInv    .            (no ring)
Will    .....        (no ring)
Stlth   ++           (no ring)
HPRegen 0.24/turn    (no ring)
MPRegen 0.09/turn    (no ring)
                     (no ring)

%: no passive effects
@: beast-form, heavily drained
A: beast (slay +2), almost no armour, amphibious, 8 rings, camouflage 1,
gelatinous body 1, (nimble swimmer 1), tentacles
a: Begin Untransformation, Renounce Religion, Heroism


You were on level 3 of the Dungeon.
You worshipped Okawaru.
Okawaru was aware of your devotion.
You were a hulking beast.
You visited 1 branch of the dungeon, and saw 3 of its levels.

You collected 64 gold pieces.

Inventory:

Talismans
 b - a beast talisman
 c - a flux talisman
Scrolls
 e - a scroll of vulnerability {unknown}
 h - 2 scrolls of immolation
Potions
 a - 3 potions of lignification
 j - a potion of curing {unknown}
 l - a potion of haste {unknown}
 m - a potion of enlightenment {unknown}


   Skills:
 - Level 1.0 Fighting
 - Level 2.0 Dodging
 * Level 4.3 Unarmed Combat
 + Level 1.4 Invocations
 + Level 3.5 Shapeshifting


You had 3 spell levels left.
You didn't know any spells.
Your spell library contained the following spells:

 Spells                   Type           Power      Damage    Failure   Level
 Hailstorm                Conj/Ice       0%         3d3       69%         3
 Summon Ice Beast         Ice/Summ       Unusable   N/A       N/A         4
 Simulacrum               Ice/Necr       Unusable   N/A       N/A         6

Dungeon Overview and Level Annotations

Branches:
Dungeon (3/15)

Altars:
Okawaru

Annotations:
D:3 Robin


Innate Abilities, Weirdness & Mutations

You are a hulking beast.
Your limbs bulge with bestial killing power. (Slay +2)
You cannot wear most types of armour.
You are amphibious.
You can wear up to eight rings at the same time.
Your skin changes colour to match your surroundings (Stealth+).
Your rubbery body absorbs attacks. (AC +1, EV +1)
((You are camouflaged when in or above water. (Stealth+)))
You have tentacles for arms and can constrict up to eight enemies at once.


Message History

A hobgoblin comes into view.
The goblin closely misses you.
You barely miss the goblin. Your grab misses the goblin.
The goblin hits you with a +0 dagger.
You tentacle-slap the goblin. Your grab misses the goblin.
The goblin is severely wounded.
The goblin hits you with a +0 dagger.
Robin of the Strong Arm comes into view.
They are wielding a +2 dagger of pain.
You tentacle-slap the goblin.
You kill the goblin!
Okawaru accepts your kill.
A hobgoblin comes into view.
The goblin hits you with a +0 club.
A goblin comes into view. It is wielding a +0 club.
The goblin barely misses you.
You tentacle-slap the goblin. You grab the goblin.
The goblin is heavily wounded.
You constrict the goblin.
Unknown command.
You tentacle-slap the goblin.
You kill the goblin!
Okawaru accepts your kill. The goblin barely misses you.
The goblin hits you with a +0 club.
* * * LOW HITPOINT WARNING * * *
Robin throws the goblin at you!
* * * LOW HITPOINT WARNING * * *
The goblin barely misses you. The goblin hits you with a +0 club.
* * * LOW HITPOINT WARNING * * *
The goblin barely misses you.
You barely miss the goblin. Your grab misses the goblin.
Your squeeze misses the goblin. The goblin hits you with a +0 club.
* * * LOW HITPOINT WARNING * * *
The goblin hits you but does no damage. The goblin misses you.
A goblin comes into view. It is wielding a +0 dagger.
The goblin completely misses you. The goblin hits you with a +0 club.
* * * LOW HITPOINT WARNING * * *
The air fills with toxic fumes!
As you read the scroll labelled SOWE XYFAME, it crumbles to dust.
It was a scroll of poison.
The goblin hits you with a +0 club.
You die...

... #...# ... ###§§§###
#.# #§§§§§§.# #.#
#§§§§§§.# #.# #.§§§§§.#
####.## #[§§§######
......#######..§§§.§§§##
.##...........##g#§§§§§§
............####hg§§#.#
...©........# #ggg§§§§#
##########..# #§g§§§#§§§
...(!....#.(# #§§#g## ##
.........#..# #§§§g§
##...##..#..# #§##§§§
#8...8#..#..# #§ #§#g #
...##. #..# #§ §§§# #..#


You could see Robin, 2 hobgoblins and 6 goblins.

Vanquished Creatures
  A gnoll (D:1)
  2 adders (D:2)
  A dart slug (D:1)
  3 ball pythons (D:2)
  3 endoplasms (D:1)
  3 giant cockroaches
  11 goblins
  5 hobgoblins
  3 jackals (D:1)
  A quokka (D:2)
  2 bats (D:2)
  4 frilled lizards
  5 kobolds
  7 rats
51 creatures vanquished.

Notes
Turn   | Place    | Note
-------+----------+-------------------------------------------
     0 | D:1      | lunkers the Octopode Shapeshifter began the quest for the
                  | Orb.
     0 | D:1      | Reached XP level 1. HP: 13/13 MP: 1/1
    62 | D:1      | Reached XP level 2. HP: 15/18 MP: 2/2
    76 | D:1      | Found a faded altar of an unknown god.
   210 | D:1      | Prayed at the altar of an unknown god.
   210 | D:1      | Became a worshipper of Warmaster Okawaru
   210 | D:1      | Reached * piety under Okawaru
   402 | D:1      | Reached XP level 3. HP: 23/23 MP: 3/3
   839 | D:2      | Reached skill level 4 in Unarmed Combat
   839 | D:2      | Reached skill level 1 in Invocations
   949 | D:2      | Reached XP level 4. HP: 28/28 MP: 4/4
  1828 | D:3      | Noticed Robin
  1832 | D:3      | HP: 1/25 [goblin/+0 club[Robin] (5)]
  1833 | D:3      | Slain by a goblin

Illustrated notes

Levels and vault maps discovered:
D:1:      kennysheep_arrival_forest, layout_basic,
          hellmonk_ecumenical_altar_leap_of_faith
D:2:      layout_loops_corners
D:3:      layout_loops_cross, mainiacjoe_overflow_catwalk_spiral,
          gammafunk_ghost_mausoleum, uniq_robin

Skill      XL: |  1  2  3 |
---------------+----------+-----
Unarmed Combat | 4 |  4.3
Invocations    | 1 |  1.4
Fighting       | |  1.0
Dodging        | |  2.0
Shapeshifting  | |  3.5

Action                     |  1- 3 |  4- 6 || total
---------------------------+-------+-------++-------
  Melee: Unarmed           |    60 |    36 ||    96
         Constrict         |    16 |     5 ||    21
         Tentacles         |     7 |     6 ||    13
         Punch             |     2 |     1 ||     3
    Use: Scroll            |       |     8 ||     8
   Stab: Sleeping          |     1 |     6 ||     7
 Armour: Skin              |    19 |    26 ||    45
  Dodge: Dodged            |    36 |    22 ||    58

Table legend: (Time is in decaauts)
 A = Elapsed time spent in this place.
 B = Non-inter-level travel time spent in this place.
 C = Inter-level travel time spent in this place.
 D = Time resting spent in this place.
 E = Time spent auto-exploring this place.
 F = Levels seen in this place.
 G = Mean time per level.
                   A        B        C        D        E       F      G
               +--------+--------+--------+--------+--------+-----+--------+
         Total |   1826 |   1725 |    101 |      0 |   1435 |   3 |  608.7 |
       Dungeon |   1826 |   1725 |    101 |      0 |   1435 |   3 |  608.7 |
               +--------+--------+--------+--------+--------+-----+--------+

Top non-repeatable levels by time:
     D:2: 961 daAuts
     D:1: 670 daAuts
     D:3: 194 daAuts
